 Dungeon Crawl Stone Soup version 0.28.0-45-g0d030f2227 (webtiles) character file.

Game seed: 8181298602540658797

121 Ablot the Grasshopper (level 5, 0/43 HPs)
             Began as a Gnoll Warper on Apr 7, 2022.
             Slain by a gnoll
             ... wielding a +0 spear
              (7 damage)
             ... on level 3 of the Dungeon.
             The game lasted 00:03:24 (3051 turns).

Ablot the Grasshopper (Gnoll Warper)                Turns: 3051, Time: 00:03:24

Health: 0/43       AC:  3    Str: 13    XL:     5   Next: 5%
Magic:  12/12      EV: 12    Int: 12    God:
Gold:   121        SH:  0    Dex: 11    Spells: 12/14 levels left

rFire   . . .      SeeInvis .   a - +0 spear
rCold   . . .      Faith    .   (no shield)
rNeg    . . .      Spirit   .   b - +0 leather armour
rPois   .          Reflect  .   (no helmet)
rElec   .          Harm     .   (no cloak)
rCorr   .          Rampage  .   (no gloves)
Will    .....                   (no boots)
Stlth   +.........              (no amulet)
HPRegen 0.14/turn               (no ring)
MPRegen 0.13/turn               (no ring)

@: no status effects
A: fangs 1, strong nose, distributed training
a: no special abilities


You were on level 3 of the Dungeon.
You visited 1 branch of the dungeon, and saw 3 of its levels.

You collected 121 gold pieces.

Inventory:

Hand Weapons
 a - a +0 spear (weapon)
 t - a +0 dagger of flaming
Missiles
 d - 5 boomerangs of dispersal
 e - 16 bolts
 f - 115 stones
 j - 3 boomerangs (quivered)
 o - 18 arrows
Armour
 b - a +0 leather armour (worn)
Scrolls
 c - a scroll of blinking
 g - a scroll of identify {unknown}
 l - a scroll of magic mapping {unknown}
 n - a scroll of vulnerability {unknown}
 p - 2 scrolls of amnesia {unknown}
 q - a scroll of teleportation {unknown}
 s - a scroll of enchant weapon {unknown}
Potions
 h - 2 potions of curing {unknown}
 i - a potion of lignification {unknown}
 k - 2 potions of flight {unknown}
 m - a potion of brilliance {unknown}
 r - a potion of degeneration {unknown}


   Skills:
 + Level 4.7 Fighting
 + Level 1.3 Short Blades
 + Level 1.3 Long Blades
 + Level 1.3 Axes
 + Level 1.3 Maces & Flails
 + Level 4.7 Polearms
 + Level 1.3 Staves
 + Level 1.3 Slings
 + Level 1.3 Bows
 + Level 1.3 Crossbows
 + Level 2.9 Throwing
 + Level 2.9 Armour
 + Level 4.7 Dodging
 + Level 1.3 Stealth
 + Level 1.3 Shields
 + Level 1.3 Unarmed Combat
 + Level 5.1 Spellcasting
 + Level 1.1 Conjurations
 + Level 1.1 Hexes
 + Level 1.1 Summonings
 + Level 1.1 Necromancy
 + Level 5.5 Translocations
 + Level 1.1 Transmutations
 + Level 1.1 Fire Magic
 + Level 1.1 Ice Magic
 + Level 1.1 Air Magic
 + Level 1.1 Earth Magic
 + Level 1.1 Poison Magic
 + Level 1.5 Invocations
 + Level 1.3 Evocations


You had 12 spell levels left.
You knew the following spells:

 Your Spells              Type           Power      Damage    Failure   Level
a - Blink                 Tloc           32%        N/A       4%          2

Your spell library contained the following spells:

 Spells                   Type           Power      Damage    Failure   Level
 Gell's Gravitas          Tloc           16%        N/A       8%          3
 Lesser Beckoning         Tloc           16%        N/A       8%          3
 Teleport Other           Tloc           16%        N/A       8%          3
 Manifold Assault         Tloc           16%        N/A       58%         5


Dungeon Overview and Level Annotations

Branches:
Dungeon (3/15)

Altars:
Yredelemnul

Shops:
D:3 =


Innate Abilities, Weirdness & Mutations

You have very sharp teeth.
Your uncanny sense of smell can sniff out nearby items.
Your experience applies equally to all skills.


Message History

The gnoll shouts!
Reach: a) +0 spear
Press: ? - help, Dir - move target, f - gnoll
Aim: a gnoll, wielding a +0 spear (about 34% to evade your +0 spear)
You reach to attack!
You hit the gnoll.
The gnoll is lightly wounded.
Unknown command.
Reach: a) +0 spear
Press: ? - help, Dir - move target, f/p - gnoll
Aim: a gnoll, wielding a +0 spear (lightly wounded, about 34% to evade your +0 spear)
You reach to attack!
You hit the gnoll but do no damage.
The gnoll is lightly wounded.
The gnoll hits you from afar with a +0 spear.
* * * LOW HITPOINT WARNING * * *
Reach: a) +0 spear
Press: ? - help, Dir - move target, f/p - gnoll
Aim: a gnoll, wielding a +0 spear (lightly wounded, about 34% to evade your +0 spear)
You reach to attack!
You hit the gnoll.
The gnoll is heavily wounded.
The gnoll hits you from afar with a +0 spear.
* * * LOW HITPOINT WARNING * * *
Reach: a) +0 spear
Press: ? - help, Dir - move target, f/p - gnoll
Aim: a gnoll, wielding a +0 spear (heavily wounded, about 34% to evade your +0 spear)
You reach to attack!
You hit the gnoll but do no damage.
The gnoll is heavily wounded.
The gnoll closely misses you.
Reach: a) +0 spear
Press: ? - help, Dir - move target, f/p - gnoll
Aim: a gnoll, wielding a +0 spear (heavily wounded, about 34% to evade your +0 spear)
You reach to attack!
You barely miss the gnoll.
The gnoll is heavily wounded.
The gnoll barely misses you.
Reach: a) +0 spear
Press: ? - help, Dir - move target, f/p - gnoll
Aim: a gnoll, wielding a +0 spear (heavily wounded, about 34% to evade your +0 spear)
You reach to attack!
You hit the gnoll.
The gnoll is severely wounded.
The gnoll hits you from afar with a +0 spear!
You die...

#..........#...#.#)######......
##########.#.#.#.#.# ......
#.#.#.#.#.### .....
#.#.#.......# ##### ########
#.#.###.#.#)#
#......####.#.###.#.#)#
#.................#.#.#
#.).........#.#####...#
#...........#..@.g..###
#......############.# ###
#......# #.#####.##########.∩
########## #.....o..........#..
##...# #.#####..........#.#
#....# #..........#.# #....#
######...).... #<# #........
#.......# #........


You could see a gnoll.

Vanquished Creatures
  3 gnolls (D:3)
  4 adders
  An adder skeleton (D:3)
  A worm (D:3)
  A dart slug (D:1)
  6 orcs
  5 ball pythons
  An endoplasm (D:1)
  A giant cockroach (D:2)
  3 goblins
  3 hobgoblins
  4 jackals (D:1)
  3 kobolds
  3 bats
  3 frilled lizards
  4 rats
46 creatures vanquished.

Notes
Turn   | Place    | Note
-------+----------+-------------------------------------------
     0 | D:1      | Ablot the Gnoll Warper began the quest for the Orb.
     0 | D:1      | Reached XP level 1. HP: 20/20 MP: 6/6
   240 | D:1      | Reached XP level 2. HP: 25/26 MP: 7/7
   243 | D:1      | Learned a level 2 spell: Blink
  1025 | D:2      | Reached XP level 3. HP: 31/31 MP: 9/9
  1045 | D:2      | Found a faded altar of an unknown god.
  1052 | D:2      | Reached skill level 5 in Spellcasting
  1056 | D:2      | HP: 1/31 [poisoned by an adder]
  1224 | D:2      | Found a basalt altar of Yredelemnul.
  1571 | D:2      | Reached skill level 1 in Invocations
  2112 | D:3      | Reached skill level 1 in Short Blades
  2112 | D:3      | Reached skill level 1 in Long Blades
  2112 | D:3      | Reached skill level 1 in Axes
  2112 | D:3      | Reached skill level 1 in Maces & Flails
  2112 | D:3      | Reached skill level 1 in Staves
  2112 | D:3      | Reached skill level 1 in Slings
  2112 | D:3      | Reached skill level 1 in Bows
  2112 | D:3      | Reached skill level 1 in Crossbows
  2112 | D:3      | Reached skill level 1 in Stealth
  2112 | D:3      | Reached skill level 1 in Shields
  2112 | D:3      | Reached skill level 1 in Unarmed Combat
  2112 | D:3      | Reached skill level 1 in Evocations
  2183 | D:3      | Reached XP level 4. HP: 16/38 MP: 11/11
  2617 | D:3      | Found Vuirghim's Jewellery Shop.
  2757 | D:3      | Reached skill level 1 in Conjurations
  2757 | D:3      | Reached skill level 1 in Hexes
  2757 | D:3      | Reached skill level 1 in Summonings
  2757 | D:3      | Reached skill level 1 in Necromancy
  2757 | D:3      | Reached skill level 1 in Transmutations
  2757 | D:3      | Reached skill level 1 in Fire Magic
  2757 | D:3      | Reached skill level 1 in Ice Magic
  2757 | D:3      | Reached skill level 1 in Air Magic
  2757 | D:3      | Reached skill level 1 in Earth Magic
  2757 | D:3      | Reached skill level 1 in Poison Magic
  3009 | D:3      | Reached XP level 5. HP: 10/43 MP: 12/12
  3051 | D:3      | Slain by a gnoll

Illustrated notes

Levels and vault maps discovered:
D:1:      wander_arrival_lonely_grave, layout_rooms
D:2:      layout_loops_corners, nicolae_ecumenical_snake_handling, basic_altar
D:3:      layout_basic, serial_shops, shop

Skill      XL: |  1  2  3  4 |
---------------+-------------+-----
Spellcasting   | 5 |  5.1
Invocations    | 1 |  1.5
Short Blades   | 1 |  1.3
Long Blades    | 1 |  1.3
Axes           | 1 |  1.3
Maces & Flails | 1 |  1.3
Staves         | 1 |  1.3
Slings         | 1 |  1.3
Bows           | 1 |  1.3
Crossbows      | 1 |  1.3
Stealth        | 1 |  1.3
Shields        | 1 |  1.3
Unarmed Combat | 1 |  1.3
Evocations     | 1 |  1.3
Conjurations   | 1 |  1.1
Hexes          | 1 |  1.1
Summonings     | 1 |  1.1
Necromancy     | 1 |  1.1
Transmutations | 1 |  1.1
Fire Magic     | 1 |  1.1
Ice Magic      | 1 |  1.1
Air Magic      | 1 |  1.1
Earth Magic    | 1 |  1.1
Poison Magic   | 1 |  1.1
Fighting       | |  4.7
Polearms       | |  4.7
Throwing       | |  2.9
Armour         | |  2.9
Dodging        | |  4.7
Translocations | |  5.5

Action                   |  1- 3 |  4- 6 || total
-------------------------+-------+-------++-------
Melee: Spear             |   118 |    78 ||   196
       Bite              |     7 |     1 ||     8
       Punch             |     2 |       ||     2
Throw: Boomerang         |       |     1 ||     1
  Use: Potion            |     1 |       ||     1
 Stab: Sleeping          |     2 |       ||     2
Armor: Leather armour    |    22 |     8 ||    30
Dodge: Dodged            |    35 |    30 ||    65
